 Dungeon Crawl Stone Soup version 0.21.3-3-g218456f21e (webtiles) character file.

3606 CurlyBrace the Fighter (level 9, -1/45 HPs)
             Began as a Felid Earth Elementalist on Feb 17, 2021.
             Was an Elder of Cheibriados.
             Killed from afar by Xiguana's ghost (15 damage)
             ... with a zap
             ... on level 2 of the Orcish Mines.
             The game lasted 00:58:17 (4202 turns).

CurlyBrace the Fighter (Felid Earth Elementalist)   Turns: 4202, Time: 00:58:17

Health: -1/45      AC:  2    Str: 14    XL:     9   Next: 86%
Magic:  1/16       EV: 27    Int: 33    God:    Cheibriados [****..]
Gold:   272        SH:  0    Dex: 26    Spells: 1/16 levels left
                                        Lives:  0   Deaths: 3

rFire    . . .     SeeInvis +     - Unarmed
rCold    . . .     Gourm    .   (shield unavailable)
rNeg     . . .     Faith    +   (armour unavailable)
rPois    .         Spirit   .   (helmet unavailable)
rElec    .         Reflect  .   (cloak unavailable)
rCorr    .         Harm     .   (gloves unavailable)
MR       ++...                  (boots unavailable)
Stlth    +++++.....             p - amulet of faith
HPRegen  0.00/turn              a - +5 ring of intelligence
MPRegen  0.15/turn              m - ring of protection from magic

@: very slow
A: very small, no armour, no weapons or thrown items, stealth, claws 1, fangs 3,
see invisible, carnivore, speed 1, mutation resistance 1, shaggy fur 2,
inhibited regeneration, slow metabolism 1, sharp paws
a: Bend Time, Temporal Distortion, Slouch, Renounce Religion


You were on level 2 of the Orcish Mines.
You worshipped Cheibriados.
Cheibriados was greatly pleased with you.
You were not hungry.

You visited 4 branches of the dungeon, and saw 15 of its levels.
You also visited: Labyrinth.

You collected 440 gold pieces.
You spent 168 gold pieces at shops.

Inventory:

Missiles
 b - 101 stones
 k - 74 arrows
Jewellery
 a - a +5 ring of intelligence (left paw)
   (You found it on level 4 of the Dungeon)
 j - an uncursed ring of fire
   (You found it in a labyrinth)
 m - a ring of protection from magic (right paw)
   (You found it on level 2 of the Dungeon)
 p - an amulet of faith (around neck)
   (You found it on level 1 of the Dungeon)
Wands
 d - a wand of paralysis (4)
   (You bought it in a shop on level 5 of the Dungeon)
 g - a wand of acid (8)
   (You found it on level 10 of the Dungeon)
 l - a wand of enslavement (5)
   (You found it in a labyrinth)
 q - a wand of random effects (19)
   (You found it on level 10 of the Dungeon)
Scrolls
 f - 2 scrolls of fog
 i - a scroll of vulnerability
 x - 4 scrolls of remove curse
 z - a scroll of blinking
Potions
 h - a potion of haste
 n - a potion of resistance
Books
 c - a book of Geomancy

   Spells                             Type                      Level
   a - Sandblast                      Earth                        1
   b - Passwall                       Transmutation/Earth          2
   c - Stone Arrow                    Conjuration/Earth            3
   d - Petrify                        Transmutation/Earth          4
   e - Lee's Rapid Deconstruction     Earth                        5
 o - a Grand Grimoire
   (You found it in a labyrinth)

   Spells                             Type                      Level
   a - Monstrous Menagerie            Summoning                    7
   b - Summon Greater Demon           Summoning                    7
   c - Malign Gateway                 Summoning/Translocation      7
   d - Summon Horrible Things         Summoning                    8
 r - a Young Poisoner's Handbook
   (You found it in a labyrinth)

   Spells                             Type                      Level
   a - Sting                          Conjuration/Poison           1
   b - Poisonous Vapours              Poison/Air                   2
   c - Mephitic Cloud                 Conjuration/Poison/Air       3
   d - Olgreb's Toxic Radiance        Poison                       4
   e - Venom Bolt                     Conjuration/Poison           5
Comestibles
 e - 5 rations


   Skills:
 * Level 9.0 Fighting
 + Level 8.2 Dodging
 + Level 9.0 Stealth
 * Level 9.0 Unarmed Combat
 - Level 4.0 Spellcasting
 - Level 1.1 Conjurations
 - Level 4.0 Transmutations
 - Level 1.1 Air Magic
 - Level 4.0 Earth Magic
 - Level 1.1 Poison Magic
 - Level 1.0 Evocations


You had one spell level left.
You knew the following spells:

 Your Spells              Type           Power        Failure   Level  Hunger
a - Sandblast             Erth           ####..       1%          1    None
b - Passwall              Tmut/Erth      ####......   1%          2    None
c - Petrify               Tmut/Erth      ####....     10%         4    ###....
d - Lee's Rapid Deconstr  Erth           ####......   28%         5    #####..
e - Mephitic Cloud        Conj/Pois/Air  ##......     10%         3    #......


Dungeon Overview and Level Annotations

Branches:
Dungeon (11/15)            Temple (1/1) D:6            Lair (0/6) D:10
    Orc (2/2) D:10            Elf (1/3) Orc:2

Altars:
Ashenzari
Cheibriados
Dithmenos
Elyvilon
Fedhas
Gozag
Hepliaklqana
Kikubaaqudgha
Makhleb
Nemelex Xobeh
Okawaru
Qazlal
Ru
Sif Muna
Trog
Uskayaw
Vehumet
Wu Jian
Xom
Yredelemnul
Zin
The Shining One

Shops:
D:5 }}[

Annotations:
D:4 CurlyBrace's ghost, weakling FeEE
D:10 Lair
Orc:2 exclusions: orc sorcerer and upstairs, Xiguana's ghost, journeyman BaAE


Innate Abilities, Weirdness & Mutations

You cannot wear armour.
You are incapable of wielding weapons or throwing items.
Your paws allow you to move quietly. (Stealth)
You have sharp claws.
You have razor-sharp teeth.
You have supernaturally acute eyesight. (SInv)
You are carnivorous and can eat meat at any time.
You cover ground quickly.
You are covered in thick fur. (AC +2)
You have a slow metabolism.
Your sharp claws are effective at attacking unaware monsters.
You are somewhat resistant to further mutation.
You do not regenerate when monsters are visible.


Message History

Aiming: Mephitic Cloud
Press: ? - help, Shift-Dir - straight line The ball explodes into a vile cloud!
The stinking cloud engulfs the ogre.
The stinking cloud engulfs the ogre mage.
The stinking cloud engulfs Xiguana's ghost.
Xiguana's ghost appears unharmed.
You hear a shout! x3
The ogre mage is engulfed in noxious fumes.
The ogre mage appears confused.
Unknown command.
Unknown command.
Evoke which item? (* to show all) (? for menu, Esc to quit)
Aiming: Enslavement
Press: ? - help, Shift-Dir - straight line, f - ogre
Aim: an ogre, wielding a giant spiked club (chance to defeat MR: 49%)
The ogre is charmed.
The ogre is engulfed in noxious fumes.
Your ogre closely misses Xiguana's ghost.
Xiguana's ghost casts a spell at you. The zap hits you!
You die...

#........).### #...........
#####...........## ##..........
#.......#........###...........
###.......##.......#O#.......#...
..........#........§.§.o...§.....
.........####......§O......#.....
........## ##......)O......##....
.......#####..[.....W.......#)...
#.......#.#.....@..#.....#.#.)...
#.........#........###.####......
##..............)### ### ##....O
##...>........)## ...###
##.............# ..##
##.......)...## #..#
##.......<.## #..# #..........##
#..# ###...........###


You could see an ogre mage (confused), an ogre, Xiguana's ghost, an orc and a
friendly ogre.

Vanquished Creatures
  A minotaur (Lab)
  An ogre mage (Orc:2)
  2 two-headed ogres (Orc:2)
  2 trolls
  Grinder (D:3)
  A shadow (Lab)
  4 yaks
  A vampire (D:10)
  2 hungry ghosts (Lab)
  Menkaure (D:5)
  3 orc warriors
  A sky beast (D:11)
  A phantom (D:7)
  2 ice beasts (D:9)
  A centaur (D:6)
  6 ogres
  A crocodile (D:7)
  The ghost of Xiguana the Gusty, an amateur BaAE (D:3)
  A bullfrog (D:7)
  A water moccasin skeleton (D:2)
  3 scorpions
  2 howler monkeys (D:9)
  3 crimson imps
  2 quasits
  A jelly (D:10)
  4 orc priests
  A centaur skeleton (D:4)
  3 iguanas
  8 orc wizards
  4 worker ants
  A hound skeleton (D:10)
  A howler monkey zombie (D:6)
  Robin (D:2)
  A gnoll (D:1)
  5 adders
  2 adder skeletons
  3 dart slugs
  4 leopard geckos
  33 orcs
  4 giant cockroaches
  5 goblins (D:2)
  5 hobgoblins
  6 jackals
  A quokka (D:5)
  5 bats
  A frilled lizard (D:2)
  3 kobolds
  A quokka zombie (D:8)
  6 rats
153 creatures vanquished.

Vanquished Creatures (collateral kills)
  An ogre (Orc:2)
1 creature vanquished.

Vanquished Creatures (others)
  A warg (Orc:2)
  An ogre (Orc:2)
  An orc (Orc:2)
  3 plants (D:10)
6 creatures vanquished.

Grand Total: 160 creatures vanquished

Notes
Turn   | Place    | Note
-------+----------+-------------------------------------------
     0 | D:1      | CurlyBrace the Felid Earth Elementalist began the quest for the Orb.
     0 | D:1      | Reached XP level 1. HP: 7/7 MP: 4/4
   126 | D:5      | Entered Level 5 of the Dungeon
   141 | D:4      | Reached XP level 2. HP: 10/11 MP: 0/6
   146 | D:4      | Learned a level 2 spell: Passwall
   241 | D:5      | Noticed a centaur
   318 | D:4      | Reached skill level 1 in Fighting
   318 | D:4      | Reached skill level 1 in Unarmed Combat
   318 | D:4      | Reached XP level 3. HP: 15/15 MP: 2/7
   319 | D:4      | Noticed CurlyBrace's ghost (weakling FeEE)
   422 | D:4      | Reached XP level 4. HP: 19/19 MP: 8/8
   431 | D:4      | Reached skill level 1 in Evocations
   435 | D:4      | Noticed a phantom
   467 | D:4      | You fall through a shaft for 3 floors!
   468 | D:7      | Noticed a black bear
   475 | D:7      | Learned a level 4 spell: Petrify
   515 | D:7      | Noticed a crocodile
   583 | D:7      | Slain by a crocodile
   584 | D:7      | Reached XP level 3. HP: -1/16 MP: 6/7
   596 | D:7      | Reached XP level 4. HP: 19/19 MP: 0/8
   606 | D:8      | Noticed an orc warrior
   661 | D:7      | Noticed a phantom
   691 | D:7      | Killed a phantom
   691 | D:7      | Reached XP level 5. HP: 10/23 MP: 3/9
   740 | D:7      | Noticed an ogre
   744 | D:7      | Noticed a black bear
   753 | D:7      | Killed an ogre
   912 | D:7      | Gained mutation: You are covered in thick fur. (AC +2) [Felid growth]
   912 | D:7      | Reached XP level 6. HP: 27/28 MP: 7/11
  1159 | D:6      | Reached XP level 7. HP: 23/31 MP: 3/12
  1289 | D:5      | Found Moemocod's Gadget Emporium.
  1371 | D:6      | Noticed a troll
  1418 | D:6      | Killed a troll
  1425 | D:6      | Learned a level 5 spell: Lee's Rapid Deconstruction
  1495 | D:6      | Found a staircase to the Ecumenical Temple.
  1504 | Temple   | Entered the Ecumenical Temple
  1650 | D:6      | Found a snail-covered altar of Cheibriados.
  1654 | D:6      | Became a worshipper of Cheibriados the Contemplative
  1663 | D:6      | Found a sparkling altar of Nemelex Xobeh.
  1690 | D:5      | Found a blossoming altar of Fedhas.
  1690 | D:5      | Found a shimmering altar of Xom.
  1736 | D:5      | Found Plog's Armour Boutique.
  1811 | D:3      | Noticed Xiguana's ghost (amateur BaAE)
  1817 | D:3      | Noticed Grinder
  2176 | D:1      | Reached * piety under Cheibriados
  2295 | D:2      | Noticed Robin
  2315 | D:2      | Killed Robin
  2371 | D:3      | Gained mutation: You do not regenerate when monsters are visible. [potion of mutation]
  2371 | D:3      | Gained mutation: You are somewhat resistant to further mutation. [potion of mutation]
  2382 | D:3      | Killed Xiguana's ghost
  2382 | D:3      | Reached XP level 8. HP: 4/36 MP: 0/13
  2430 | D:3      | Killed Grinder
  2430 | D:3      | Reached skill level 5 in Fighting
  2430 | D:3      | Reached skill level 5 in Stealth
  2430 | D:3      | Reached skill level 5 in Unarmed Combat
  2521 | D:5      | Noticed Menkaure
  2526 | D:5      | Killed Menkaure
  2526 | D:5      | Reached skill level 5 in Dodging
  2538 | D:5      | Found Lointiph's Gadget Shop.
  2544 | D:5      | Bought a wand of paralysis (10) for 168 gold pieces
  2711 | D:10     | Entered Level 10 of the Dungeon
  2731 | D:10     | Noticed a komodo dragon
  2732 | D:10     | Found a staircase to the Lair.
  2898 | D:9      | Noticed a troll
  2901 | D:9      | Killed a troll
  2901 | D:9      | Reached XP level 9. HP: 17/41 MP: 12/15
  2914 | D:9      | Found a hazy altar of Hepliaklqana.
  3085 | D:8      | Reached ** piety under Cheibriados
  3125 | D:8      | Found a shadowy altar of Dithmenos.
  3125 | D:8      | Found a basalt altar of Yredelemnul.
  3357 | D:10     | Killed from afar by an orc wizard
  3358 | D:10     | Reached XP level 8. HP: -2/40 MP: 7/15
  3451 | D:11     | Noticed a troll
  3455 | D:11     | Found a labyrinth entrance.
  3462 | Lab      | Entered a labyrinth
  3508 | Lab      | Reached XP level 9. HP: 43/43 MP: 7/16
  3717 | Lab      | Noticed a minotaur
  3726 | Lab      | Killed a minotaur
  3744 | Lab      | Learned a level 3 spell: Mephitic Cloud
  3762 | D:10     | Reached *** piety under Cheibriados
  3791 | D:10     | Found a staircase to the Orcish Mines.
  3823 | Orc:1    | Entered Level 1 of the Orcish Mines
  3945 | Orc:2    | Entered Level 2 of the Orcish Mines
  3945 | Orc:2    | Found a staircase to the Elven Halls.
  4047 | Elf:1    | Entered Level 1 of the Elven Halls
  4047 | Elf:1    | Noticed a deep elf demonologist
  4069 | Orc:1    | Found a burning altar of Makhleb.
  4069 | Orc:1    | Noticed an orc knight
  4069 | Orc:1    | Noticed a stone giant
  4069 | Orc:1    | Noticed an orc knight
  4080 | Orc:2    | Noticed a two-headed ogre
  4092 | Orc:2    | Killed a two-headed ogre
  4092 | Orc:2    | Reached skill level 1 in Conjurations
  4092 | Orc:2    | Reached skill level 1 in Air Magic
  4092 | Orc:2    | Reached skill level 1 in Poison Magic
  4092 | Orc:2    | Reached XP level 10. HP: 44/49 MP: 13/17
  4104 | Orc:2    | Noticed an orc sorcerer
  4120 | Orc:2    | Reached **** piety under Cheibriados
  4123 | Orc:2    | Noticed an ogre mage
  4127 | Orc:2    | Noticed an orc sorcerer
  4129 | Orc:2    | Noticed a rust devil
  4129 | Orc:2    | Noticed an orc warlord
  4139 | Orc:2    | Killed from afar by an orc sorcerer
  4140 | Orc:2    | Reached XP level 9. HP: -4/45 MP: 16/16
  4184 | Orc:2    | Noticed a two-headed ogre
  4190 | Orc:2    | Killed a two-headed ogre
  4196 | Orc:2    | Noticed Xiguana's ghost (journeyman BaAE)
  4197 | Orc:2    | Noticed an ogre mage
  4200 | Orc:2    | Killed an ogre mage
  4202 | Orc:2    | Killed from afar by Xiguana's ghost

Skill      XL: |  1  2  3  4  5  6  7  8  9 |
---------------+----------------------------+-----
Dodging        | 3 4 5 8 |  8.2
Stealth        | 3 4 6 9 |  9.0
Earth Magic    | 3 4 |  4.0
Fighting       | 1 2 3 4 6 9 |  9.0
Unarmed Combat | 1 2 3 4 6 9 |  9.0
Evocations     | 1 |  1.0
Transmutations | 2 3 4 |  4.0
Spellcasting   | 3 4 |  4.0
Conjurations   | 1 |  1.1
Air Magic      | 1 |  1.1
Poison Magic   | 1 |  1.1

Action                   |  1- 3 |  4- 6 |  7- 9 | 10-12 || total
-------------------------+-------+-------+-------+-------++-------
Melee: Unarmed           |    34 |    72 |   277 |       ||   383
       Bite              |     3 |     5 |    23 |       ||    31
       Punch             |       |     1 |     6 |       ||     7
 Cast: Sandblast         |    16 |    32 |    56 |     1 ||   105
       Petrify           |     2 |     3 |    25 |       ||    30
       Passwall          |       |     3 |    72 |       ||    75
       Mephitic Cloud    |       |       |     4 |       ||     4
       Lee's Rapid Decon |       |       |     1 |       ||     1
Evoke: Wand              |       |     1 |    14 |     3 ||    18
  Use: Scroll            |     3 |     1 |    13 |     1 ||    18
       Potion            |       |     2 |     4 |       ||     6
 Stab: Petrified         |     4 |    10 |    29 |       ||    43
       Sleeping          |     1 |       |    21 |       ||    22
       Petrifying        |       |       |     4 |       ||     4
       Paralysed         |       |       |     5 |       ||     5
       Confused          |       |       |     1 |       ||     1
  Eat: Chunk             |       |     2 |    18 |       ||    20
       Ration            |       |       |     1 |       ||     1
Armor: Skin              |     6 |     4 |    14 |       ||    24
Dodge: Dodged            |    35 |    47 |   250 |     4 ||   336
